AoeStats
← engamo2010

Arabia

510664450Analyzed
1v1 RM · 2d ago on Oct 2, 2026· 63m 49s· 2 players
Game mode
Random Map
Map size
Tiny (2 player)
Population
200
Speed
Normal
Resources
Standard
Victory
Conquest
Starting age
Dark Age
Ending age
Imperial Age
RankedLock teamsTeams togetherTeam positionsShared explorationLock speedFull tech treeHidden civsTurbo modeCheats
Victory
Defeat
🇺🇾 Maya · Uruguay
570
+15
🇦🇷 Franks · Argentina
552
-15
ConcaveKnot1639
10:03 Feudal Age
16:38 Fletching
17:19 Forging
24:04 Castle Age
24:49 Bodkin Arrow
25:11 Husbandry
31:48 Padded Archer Armor
34:12 Scale Barding Armor
34:54 Gold Mining
36:58 Ballistics
38:03 Iron Casting
39:44 Wheelbarrow
45:44 Imperial Age
43:35 Leather Archer Armor
44:50 Chain Barding Armor
45:44 Double-Bit Axe
46:06 Cranequins
48:08 Chemistry
48:06 Ordonnance Companies
49:42 Conscription
51:18 Plate Barding Armor
54:04 Blast Furnace
52:52 Cavalier
engamo2010
7:17 Loom
10:27 Feudal Age
11:08 Double-Bit Axe
12:53 Fletching
16:54 Scale Mail Armor
18:27 Town Watch
26:59 Castle Age
28:04 Chain Mail Armor
28:57 Squires
31:20 Pikeman
33:36 Forging
34:12 Sanctity
35:31 Wheelbarrow
40:32 Imperial Age
39:40 Bow Saw
41:34 Elite Skirmisher
42:17 Padded Archer Armor
43:40 Leather Archer Armor
44:59 Thumb Ring
46:10 Ring Archer Armor
46:03 Ballistics
46:35 Bodkin Arrow
48:44 Chemistry
48:28 Bracer
48:16 Crossbowman
49:55 Masonry
51:23 Arbalester
58:13 Hand Cart
57:35 Capped Ram
60:29 Two-Man Saw
59:07 Siege Ram
Connection lost

Rejoining the realm…

Still unreachable

The connection could not be restored.

Session expired

The server has moved on; the page needs a fresh start.